 Dungeon Crawl Stone Soup version 0.27-a0-797-g27d10ad80f (webtiles) character file.

Game seed: 15507256173786478040

54 polve the Skirmisher (level 3, 0/29 HPs)
             Began as a Demonspawn Abyssal Knight on Mar 27, 2021.
             Was a Follower of Lugonu.
             Slain by an ogre
             ... wielding a +0 giant club
              (18 damage)
             ... on level 3 of the Dungeon.
             The game lasted 00:01:59 (2569 turns).

polve the Skirmisher (Demonspawn Abyssal Knight)    Turns: 2569, Time: 00:01:59

Health: 0/29       AC:  4    Str: 12    XL:     3   Next: 66%
Magic:  4/4        EV: 11    Int: 14    God:    Lugonu [*.....]
Gold:   171        SH:  0    Dex: 12    Spells: 2/2 levels left

rFire    . . .     SeeInvis .   a - +1 falchion
rCold    . . .     Faith    .   (no shield)
rNeg     . . .     Spirit   .   b - +0 leather armour
rPois    .         Reflect  .   (no helmet)
rElec    .         Harm     .   (no cloak)
rCorr    .         Rampage  .   e - +0 pair of gloves
Will     .....                  (no boots)
Stlth    +.........             g - amulet of magic regeneration
HPRegen  0.09/turn              (no ring)
MPRegen  0.34/turn              (no ring)

@: no status effects
A: spiny 1
a: Renounce Religion, Depart the Abyss


You were on level 3 of the Dungeon.
You worshipped Lugonu.
Lugonu was aware of your devotion.
You visited 1 branch of the dungeon, and saw 3 of its levels.
You visited the Abyss 1 time.

You collected 171 gold pieces.

Inventory:

Hand Weapons
 a - a +1 falchion (weapon)
Armour
 b - a +0 leather armour (worn)
 e - a +0 pair of gloves (worn)
Jewellery
 g - an amulet of magic regeneration (around neck)
Wands
 j - a wand of acid (12)
Scrolls
 c - 2 scrolls of amnesia {unknown}
 f - a scroll of enchant armour {unknown}
 h - a scroll of identify {unknown}
 k - a scroll of teleportation {unknown}
 l - a scroll of fog {unknown}
 m - a scroll of summoning {unknown}


   Skills:
 + Level 3.3 Fighting
 - Level 2.6 Long Blades
 + Level 2.4 Armour
 + Level 1.5 Dodging
 - Level 2.4 Invocations


You had 2 spell levels left.
You didn't know any spells.
Your spell library was empty.

Dungeon Overview and Level Annotations

Branches:
Dungeon (3/15)

Altars:
Trog
The Shining One


Innate Abilities, Weirdness & Mutations

You are partially covered in sharp spines.


Message History

An ogre is nearby!
A ball python comes into view.
The ball python hisses angrily.
It was a potion of heal wounds.
You feel much better.
It was a potion of magic.
Magic courses through your body.
You hit the ball python.
The ball python is moderately wounded.
The ball python bites you but does no damage.
The ball python misses you.
You barely miss the ball python.
The ball python is moderately wounded.
The ball python is struck by your spines.
The ball python misses you.
You hit the ball python.
You kill the ball python!
Lugonu accepts your kill.
You hit the ogre.
The ogre is moderately wounded.
The ogre hits you with a +0 giant club!
A rat comes into view.
The rat closely misses you. The rat is struck by your spines.
You kill the rat!
Lugonu accepts your kill.
You completely miss the ogre.
The ogre is lightly wounded.
The ogre hits you with a +0 giant club. The ogre is struck by your spines.
The ogre barely misses you.
You riposte.
You hit the ogre but do no damage.
The ogre is lightly wounded.
You slash the ogre!
The ogre is heavily wounded.
The ogre is struck by your spines. The ogre closely misses you.
You riposte.
You hit the ogre but do no damage.
The ogre is severely wounded.
You hit the ogre.
The ogre is almost dead.
The ogre hits you with a +0 giant club!!
Ouch! That really hurt!
You die...

#. #.# #.# #.###.######.#
## #.#.....#....#
...##.#....†.._..#
................#
#.<.....###..# #.......#
#..# .# # #.O##.###
#..###### [..#.##.@##.#
#........ #..........#
##.###### ....##..#### #.#
# ###.##..# #.# #
#.....#########.# #
.......#............# #
##..............##########
#.###.########...........
# #. ############


You could see an ogre.

Vanquished Creatures
  An adder (D:2)
  A dart slug (D:1)
  3 endoplasms
  3 giant cockroaches
  3 goblins
  4 hobgoblins
  4 jackals (D:3)
  2 quokkas
  4 ball pythons
  3 bats
  3 frilled lizards
  3 kobolds
  3 rats
37 creatures vanquished.

Notes
Turn   | Place    | Note
-------+----------+-------------------------------------------
     0 | Abyss:1  | polve the Demonspawn Abyssal Knight began the quest for the
                  | Orb.
     0 | Abyss:1  | Reached XP level 1. HP: 18/18 MP: 2/2
    36 | Abyss:1  | Found a corrupted altar of Lugonu.
   118 | Abyss:1  | Found a stormy altar of Qazlal.
   152 | Abyss:1  | Found a stormy altar of Qazlal.
   154 | Abyss:1  | Noticed a large abomination
   197 | Abyss:1  | Noticed a chaos spawn
   213 | D:1      | Escaped the Abyss
   745 | D:1      | Gained mutation: You are partially covered in sharp spines.
                  | [demonic ancestry]
   745 | D:1      | Reached XP level 2. HP: 22/24 MP: 3/3
  1297 | D:1      | Reached skill level 1 in Dodging
  1483 | D:2      | Reached * piety under Lugonu
  1657 | D:2      | Reached XP level 3. HP: 14/29 MP: 4/4
  2437 | D:3      | Found a bloodstained altar of Trog.
  2517 | D:3      | Noticed an ogre
  2569 | D:3      | Slain by an ogre

Illustrated notes

Levels and vault maps discovered:
D:1:      matt_arrival_grand_opening, layout_basic
D:2:      layout_basic, marbit_many_paths
D:3:      layout_loops_ring, lemuel_doored_altar, bloody_trog

Skill      XL: |  1  2 |
---------------+-------+-----
Long Blades    | 2 |  2.6
Armour         | 2 |  2.4
Dodging        | 1 |  1.5
Fighting       | |  3.3
Invocations    | |  2.4

Action                   || total
-------------------------++-------
Melee: Falchion          ||    73
Invok: Depart the Abyss  ||     1
  Use: Potion            ||     2
 Stab: Sleeping          ||     1
       Distracted        ||     1
Armor: Leather armour    ||    10
Dodge: Dodged            ||    45
       Rpst.: Falchion   ||    14

Table legend: (Time is in decaauts)
 A = Elapsed time spent in this place.
 B = Non-inter-level travel time spent in this place.
 C = Inter-level travel time spent in this place.
 D = Time resting spent in this place.
 E = Time spent auto-exploring this place.
 F = Levels seen in this place.
 G = Mean time per level.
                   A        B        C        D        E       F      G
               +--------+--------+--------+--------+--------+-----+--------+
         Total |   2582 |   2533 |     49 |      0 |   2225 |   4 |  645.5 |
       Dungeon |   2367 |   2318 |     49 |      0 |   2072 |   3 |  789.0 |
         Abyss |    214 |    214 |      0 |      0 |    153 |   1 |  214.0 |
               +--------+--------+--------+--------+--------+-----+--------+

Top non-repeatable levels by time:
     D:1: 1274 daAuts
     D:2: 898 daAuts
 Abyss:1: 214 daAuts
     D:3: 194 daAuts
